AoeStats
← El Fantasma de Pancho Villa

Fortress

509733309Analyzed
4v4 RM · 3d ago on Sep 27, 2026· 13m 42s· 8 players
Game mode
Random Map
Map size
Huge
Population
200
Speed
Normal
Resources
Standard
Victory
Conquest
Starting age
Dark Age
Ending age
Imperial Age
RankedLock teamsTeams togetherTeam positionsShared explorationLock speedFull tech treeHidden civsTurbo modeCheats
Victory
Defeat
🇦🇷 Khitans · Argentina
1318
+12
🇦🇷 Bohemians · Argentina
1288
+13
🇦🇷 Celts · Argentina
1128
+20
🇦🇷 Bulgarians · Argentina
986
+26
🇲🇽 Bohemians · Mexico
1291
-21
🇦🇷 Varangians · Argentina
1205
-17
🇪🇸 Hindustanis · Spain
1200
-17
🇺🇸 Cumans · United States
1168
-16
El Fantasma de Pancho Villa
9:17 Feudal Age
10:08 Man-at-Arms
11:58 Scale Mail Armor
|GaoeG| Ratarax
8:46 Feudal Age
12:56 Castle Age
11:10 Horse Collar
11:20 Double-Bit Axe
Boywars
5:37 Loom
7:22 Feudal Age
11:51 Castle Age
10:49 Double-Bit Axe
10:47 Horse Collar
12:54 Bow Saw
Belmont
2:06 Loom
8:22 Feudal Age
12:04 Castle Age
10:08 Double-Bit Axe
Bicicletero
7:38 Feudal Age
8:27 Double-Bit Axe
8:44 Loom
9:25 Gold Mining
14:06 Castle Age
12:06 Horse Collar
zeta
8:52 Feudal Age
7:49 Loom
11:23 Wheelbarrow
12:30 Gold Mining
15:34 Castle Age
Palomo Usuriaga
7:41 Feudal Age
9:09 Double-Bit Axe
11:43 Castle Age
9:44 Domestication
12:10 Scale Barding Armor
12:16 Forging
12:16 Gold Mining
13:12 Wheelbarrow
12:44 Husbandry
Mono
7:49 Feudal Age
11:31 Castle Age
10:35 Double-Bit Axe
13:07 Wheelbarrow
Connection lost

Rejoining the realm…

Still unreachable

The connection could not be restored.

Session expired

The server has moved on; the page needs a fresh start.